 Dungeon Crawl Stone Soup version 0.30-a0-718-geaa24f58ff (webtiles) character file.

Game seed: 2050329090904390606

1 zinnoa the Ruffian (level 1, 0/11 HPs)
             Began as a Vine Stalker Berserker on Jan 26, 2023.
             Was a Follower of Trog.
             Slain by a ball python (1 damage)
             ... on level 1 of the Dungeon.
             The game lasted 00:00:11 (24 turns).

zinnoa the Ruffian (Vine Stalker Berserker)           Turns: 24, Time: 00:00:11

Health: 0/11       AC:  2    Str: 19    XL:     1   Next: 20%
Magic:  0/2        EV:  9    Int:  7    God:    Trog [*.....]
Gold:   0          SH:  0    Dex: 13    Spells: 0/0 levels left

rFire   . . .      SeeInvis .      - Unarmed
rCold   . . .      Faith    .    (no shield)
rNeg    . . .      Spirit   +    a - +0 animal skin
rPois   .          Reflect  .    (no helmet)
rElec   .          Harm     .    (no cloak)
rCorr   .          Rampage  .    (no gloves)
Will    .....                    (no boots)
Stlth   +                        (no amulet)
HPRegen 0.21/turn                (no ring)
MPRegen 0.08/turn                (no ring)

@: constricted
A: fangs 2, magic shield, antimagic bite, no potion heal 2
a: Renounce Religion, Berserk


You were on level 1 of the Dungeon.
You worshipped Trog.
Trog was aware of your devotion.
You visited 1 branch of the dungeon, and saw 1 of its levels.

Inventory:

Armour
 a - a +0 animal skin (worn)


   Skills:
 + Level 2.7 Fighting
 + Level 1.5 Armour
 + Level 1.5 Dodging
 + Level 3.0 Unarmed Combat


You couldn't memorise any spells.
You didn't know any spells.
Your spell library was empty.

Dungeon Overview and Level Annotations

Branches:
Dungeon (1/15)

Altars:


Innate Abilities, Weirdness & Mutations

You have extremely sharp teeth.
When hurt, damage is shared between your health and your magic reserves.
Your bite disrupts and absorbs the magic of your enemies.
Potions cannot restore your health.


Message History

There is an open door here.
Found a ring mail.
A quokka and a kobold come into view.
Found a scroll labelled CODGHU PAGE.
The kobold shouts!
A ball python comes into view.
You see here a +0 ring mail.
The ball python hisses angrily.
You hit the kobold but do no damage. You bite the kobold. You drain its power.
The kobold is heavily wounded.
You closely miss the kobold. You bite the kobold, but do no damage.
The kobold is heavily wounded.
The kobold barely misses you. The quokka bites you.
You closely miss the kobold.
The kobold is moderately wounded.
The kobold hits you with a +0 dagger. The quokka barely misses you.
You hit the kobold.
You kill the kobold!
Trog accepts your kill. The quokka closely misses you.
The quokka barely misses you.
You hit the quokka.
The quokka is almost dead.
The ball python bites you. The ball python grabs you.
The ball python constricts you.
The quokka bites you but does no damage.
The ball python bites you. The ball python constricts you.
You are too injured to fight recklessly!
You are too injured to fight recklessly!
You are too injured to fight recklessly!
You completely miss the quokka.
The quokka is almost dead.
The quokka closely misses you. The ball python bites you.
* * * LOW HITPOINT WARNING * * *
The ball python constricts you.
You miss the quokka.
The quokka is almost dead.
The quokka bites you.
* * * LOW HITPOINT WARNING * * *
The ball python bites you.
You die...

#..... .....
#...# #####.#.#
.........
.#......#
..?...r.##
#..S@[#
#....#.########
....#..#.##.'..>#
... #..#.##.##.##
. #..#....##.#
#...###.##.# #.#.
..##<# ...##
...#### ... ....#


You could see a quokka and a ball python.

Vanquished Creatures
  A kobold (D:1)
1 creature vanquished.

Notes
Turn   | Place    | Note
-------+----------+-------------------------------------------
     0 | D:1      | zinnoa the Vine Stalker Berserker began the quest for the
                  | Orb.
     0 | D:1      | Reached XP level 1. HP: 11/11 MP: 2/2
    24 | D:1      | Slain by a ball python

Illustrated notes

Levels and vault maps discovered:
D:1:      amcnicky_arrival_choice, layout_rooms, serial_park_tiny_pond

Action                     || total
---------------------------++-------
  Melee: Unarmed           ||     7
         Bite              ||     2
 Armour: Animal skin       ||     1
  Dodge: Dodged            ||     5

Table legend: (Time is in decaauts)
 A = Elapsed time spent in this place.
 B = Non-inter-level travel time spent in this place.
 C = Inter-level travel time spent in this place.
 D = Time resting spent in this place.
 E = Time spent auto-exploring this place.
 F = Levels seen in this place.
 G = Mean time per level.
                   A        B        C        D        E       F      G
               +--------+--------+--------+--------+--------+-----+--------+
         Total |     23 |     20 |      3 |      0 |     11 |   1 |   23.0 |
       Dungeon |     23 |     20 |      3 |      0 |     11 |   1 |   23.0 |
               +--------+--------+--------+--------+--------+-----+--------+

Top non-repeatable levels by time:
     D:1: 23 daAuts
